 Dungeon Crawl Stone Soup version 0.29-a0-1006-g0dd7720b37 (webtiles) character file.

Game seed: 5905601605018681531

494890 Zonian the Warrior (level 23, -25/222 (235) HPs)
             Began as a Demonspawn Ice Elementalist on Aug 5, 2022.
             Was an Initiate of Gozag.
             Killed from afar by a fire dragon (42 damage)
             ... with a blast of flame
             ... on level 4 of the Depths on Aug 6, 2022.
             The game lasted 06:32:20 (98828 turns).

Zonian the Warrior (Demonspawn Ice Elementalist)   Turns: 98828, Time: 06:32:40

HP:   -25/222 (235) AC:  9    Str: 15    XL:     23   Next: 65%
MP:   44/49         EV: 14    Int: 24    God:    Gozag
Gold: 3945          SH: 15    Dex: 22    Spells: 6/49 levels left

rFire   . . .      SeeInvis +   v - +9 demon blade (flame)
rCold   . . .      Faith    .   i - +3 buckler {AC+3}
rNeg    . . .      Spirit   .   h - +0 scale mail of Lattyg {Rampage rPois MP+9 Str+4}
rPois   +          Reflect  +   (helmet unavailable)
rElec   +          Harm     .   F - +2 cloak
rCorr   .          Rampage  +   c - +2 pair of gloves
Will    ++...                   U - +2 pair of boots
Stlth   +++++++...              p - amulet of reflection
HPRegen 4.47/turn               J - ring "Xusijareu" {Drain rElec rPois Will+ Int+3 SInv}
MPRegen 0.31/turn               C - ring of wizardry

@: corroded, gold aura, studying 2 skills, drained
A: horns 3, thin skeletal structure 3, powered by death 3, robust 2, demonic
magic 3, clumsy 1
}: 3/15 runes: decaying, serpentine, silver
a: Renounce Religion, Potion Petition, Call Merchant, Bribe Branch


You were on level 4 of the Depths.
You worshipped Gozag.
Gozag was most pleased with you.
You visited 11 branches of the dungeon, and saw 51 of its levels.
You also visited: Trove, Sewer, Bailey and Wizlab.

You collected 25145 gold pieces.
You spent 3091 gold pieces at shops.
You paid 18109 gold pieces to Gozag.

Inventory:

Hand Weapons
 v - a +9 demon blade of flaming (weapon)
 B - the +9 rapier of the Moon {spect, rElec rC++ Str-4 Int+3 Dex+4}
   (You found it on level 3 of the Elven Halls)

   When its wielder attacks, the weapon's spirit leaps out and strikes again.
   The spirit shares a part of any damage it takes with its wielder.
   Str:       It affects your strength (-4).
   Int:       It affects your intelligence (+3).
   Dex:       It affects your dexterity (+4).
   rC:        It greatly protects you from cold.
   rElec:     It insulates you from electricity.
 I - the +7 falchion "Ahenkib" {freeze, +Blink rCorr Int+4}
   (You found it on level 2 of the Depths)

   It freezes those it strikes, dealing additional cold damage.
   It can also slow down cold-blooded creatures.
   Int:       It affects your intelligence (+4).
   +Blink:    It lets you blink.
   rCorr:     It protects you from acid and corrosion.
 R - the +8 sling of Plague {venom, rC+ Int+2 Dex-4}
   (You found it on level 5 of the Vaults)

   Any ammunition fired from it poisons the flesh of those it strikes.
   Int:       It affects your intelligence (+2).
   Dex:       It affects your dexterity (-4).
   rC:        It protects you from cold.
Missiles
 d - 4 boomerangs of dispersal
 e - 21 curare-tipped darts
 f - 5 javelins
 S - 2 silver javelins
Armour
 c - a +2 pair of gloves (worn)
 h - the +0 scale mail of Lattyg (worn) {Rampage rPois MP+9 Str+4}
   (You found it on level 3 of the Elven Halls)

   Str:       It affects your strength (+4).
   rPois:     It protects you from poison.
   MP:        It affects your magic capacity (+9).
   Rampage:   It bestows one free step when moving towards enemies.
 i - a +3 buckler of protection (worn)
 F - a +2 cloak (worn)
 U - a +2 pair of boots (worn)
Jewellery
 p - an amulet of reflection (around neck)
 C - a ring of wizardry (right hand)
 J - the ring "Xusijareu" (left hand) {Drain rElec rPois Will+ Int+3 SInv}
   (You bought it in a shop on level 7 of the Dungeon)

   [ring of poison resistance]

   Int:       It affects your intelligence (+3).
   rElec:     It insulates you from electricity.
   rPois:     It protects you from poison.
   SInv:      It lets you see invisible.
   Drain:     It drains your maximum health when unequipped.
   Will:      It increases your willpower.
 K - the ring of Texkom {rPois rN+ rCorr Int+6 Dex-2}
   (You took it off a deep elf demonologist on level 3 of the Elven Halls)

   [ring of positive energy]

   Int:       It affects your intelligence (+6).
   Dex:       It affects your dexterity (-2).
   rPois:     It protects you from poison.
   rN:        It protects you from negative energy.
   rCorr:     It protects you from acid and corrosion.
Wands
 r - a wand of iceblast (19)
 u - a wand of quicksilver (2)
 M - a wand of charming (35)
 O - a wand of flame (67)
 T - a wand of mindburst (19)
 V - a wand of digging (16)
Scrolls
 a - 8 scrolls of poison
 g - a scroll of enchant armour
 j - 2 scrolls of blinking
 t - a scroll of teleportation
 D - 6 scrolls of magic mapping
 N - 3 scrolls of enchant weapon
 Y - 4 scrolls of fear
 Z - 6 scrolls of butterflies
Potions
 b - a potion of magic
 l - 5 potions of invisibility
 m - 5 potions of might
 n - 9 potions of brilliance
 q - a potion of flight
 x - 10 potions of curing
 z - a potion of cancellation
 A - 4 potions of resistance
 G - 5 potions of haste
 H - a potion of heal wounds
 X - 2 potions of berserk rage
Miscellaneous
 k - a lightning rod (2/4)
 o - a tin of tremorstones (inert)
 s - a box of beasts
 w - a condenser vane (inert)
 y - a phantom mirror


   Skills:
 - Level 20.0 Fighting
 - Level 12.0(14.0) Short Blades
 - Level 11.9(14.0) Long Blades
 + Level 11.7 Ranged Weapons
 - Level 8.0 Armour
 - Level 8.0 Dodging
 - Level 12.0 Stealth
 - Level 8.0 Shields
 - Level 13.5 Spellcasting
 - Level 12.0 Conjurations
 - Level 4.0 Translocations
 - Level 8.0 Transmutations
 - Level 10.0 Ice Magic
 - Level 12.0 Air Magic
 - Level 12.0 Earth Magic
 - Level 4.0 Poison Magic
 - Level 12.0 Evocations


You had 6 spell levels left.
You knew the following spells:

 Your Spells              Type           Power      Damage    Failure   Level
a - Freeze                Ice            100%       1d11      1%          1
b - Frozen Ramparts       Ice            100%       1d16      1%          3
c - Ozocubu's Armour      Ice            59%        N/A       1%          3
d - Hailstorm             Conj/Ice       62%        3d13      1%          4
e - Mephitic Cloud        Conj/Pois/Air  57%        N/A       1%          3
f - Airstrike             Air            32%        2d(5-21)  1%          4
g - Lightning Bolt        Conj/Air       32%        1d50      1%          5
h - Stone Arrow           Conj/Erth      100%       3d13      1%          3
i - Freezing Cloud        Conj/Ice/Air   31%        6-21      1%          5
j - Lee's Rapid Deconstr  Erth           32%        3d18*     1%          5
k - Irradiate             Conj/Tmut      29%        3d21      2%          5
l - Blink                 Tloc           70%        N/A       1%          2

Your spell library contained the following spells:

 Spells                   Type           Power      Damage    Failure   Level
 Apportation              Tloc           70%        N/A       1%          1
 Foxfire                  Conj/Fire      100%       2x1d9     1%          1
 Magic Dart               Conj           100%       1d8       1%          1
 Sandblast                Erth           100%       2d20      1%          1
 Shock                    Conj/Air       100%       1d9       1%          1
 Sting                    Tmut/Pois      100%       1d8       1%          1
 Ensorcelled Hibernation  Hex/Ice        80%        N/A       1%          2
 Passwall                 Tmut/Erth      49%        N/A       1%          2
 Poisonous Vapours        Pois/Air       100%       N/A       1%          2
 Searing Ray              Conj           100%       2d8       1%          2
 Static Discharge         Conj/Air       65%        3-12/arc  1%          2
 Wereblood                Tmut           53%        N/A       1%          2
 Conjure Flame            Conj/Fire      45%        6-21      1%          3
 Swiftness                Air            65%        N/A       1%          3
 Petrify                  Tmut/Erth      59%        N/A       1%          4
 Ignite Poison            Fire/Tmut/Pois 35%        N/A       3%          3
 Lesser Beckoning         Tloc           35%        N/A       3%          3
 Flame Wave               Conj/Fire      45%        2d12      5%          4
 Fulminant Prism          Conj/Hex       22%        3d13      5%          4
 Leda's Liquefaction      Hex/Erth       22%        N/A       5%          4
 Summon Lightning Spire   Summ/Air       45%        N/A       5%          4
 Necrotise                Necr           64%        1d7       6%          1
 Summon Small Mammal      Summ           64%        N/A       6%          1
 Conjure Ball Lightning   Conj/Air       32%        3x3d10    7%          6
 Call Imp                 Summ           16%        N/A       9%          2
 Scorch                   Fire           32%        2d7       9%          2
 Sublimation of Blood     Necr           16%        N/A       9%          2
 Portal Projectile        Hex/Tloc       50%        N/A       9%          3
 Olgreb's Toxic Radiance  Pois           35%        N/A       12%         4
 Passage of Golubria      Tloc           35%        N/A       12%         4
 Alistair's Intoxication  Tmut/Pois      30%        N/A       14%         5
 Borgnjor's Vile Clutch   Necr/Erth      22%        N/A       14%         5
 Statue Form              Tmut/Erth      39%        N/A       16%         6
 Call Canine Familiar     Summ           16%        N/A       17%         3
 Inner Flame              Hex/Fire       16%        N/A       17%         3
 Summon Guardian Golem    Hex/Summ       16%        N/A       17%         3
 Tukima's Dance           Hex            16%        N/A       17%         3
 Manifold Assault         Tloc           35%        N/A       32%         5
 Yara's Violent Unravell  Hex/Tmut       17%        3d8       32%         5
 Anguish                  Hex/Necr       8%         N/A       50%         4
 Cause Fear               Hex            8%         N/A       50%         4
 Eringya's Noxious Bog    Tmut/Pois      22%        N/A       58%         6
 Summon Cactus Giant      Summ           8%         N/A       100%        6
 Ozocubu's Refrigeration  Ice            29%        4d14      61%         7
 Dragon Form              Tmut           26%        N/A       86%         7
 Haunt                    Necr/Summ      8%         N/A       100%        7
 Malign Gateway           Summ/Tloc      12%        N/A       100%        7
 Summon Hydra             Summ           8%         N/A       100%        7
 Infestation              Necr           8%         N/A       100%        8
 Summon Horrible Things   Summ           8%         N/A       100%        8
 Dragon's Call            Summ           8%         N/A       100%        9
 Corpse Rot               Necr/Pois/Air  Unusable   N/A       N/A         4
 Animate Dead             Necr           Unusable   N/A       N/A         4

Dungeon Overview and Level Annotations

Branches:
Dungeon (15/15)            Temple (0/1) D:5            Lair (5/5) D:9
  Swamp (4/4) Lair:3        Snake (4/4) Lair:3        Slime (5/5) Lair:4
    Orc (2/2) D:12            Elf (3/3) Orc:2        Vaults (5/5) D:13
  Crypt (3/3) Vaults:3       Tomb (0/3) Crypt:3      Depths (4/4) D:15
   Hell (visited)           Sewer (visited)          Bailey (visited)
 WizLab (visited)
    Dis: Hell:1         Geh: Hell:1         Coc: Hell:1         Tar: Hell:1
    Zot: Depths:4

Altars:
Ashenzari
Fedhas
Gozag
Hepliaklqana
Kikubaaqudgha
Makhleb
Nemelex Xobeh
Okawaru
Qazlal
Ru
Sif Muna
Trog
Vehumet
Xom
Yredelemnul
Jiyva

Shops:
D:7 =   D:13 (=?=[   Orc:2 [[?=   Snake:3 =*?   Vaults:1 [   Vaults:3 (
Vaults:5 [   Depths:1 :   Depths:3 (

Portals:
Hell: Depths:1 Depths:2 Depths:3
Abyss: Vaults:3 Depths:2 Depths:3
Pandemonium: Depths:2
Ziggurat: Depths:3

Annotations:
D:6 Grinder
Swamp:1 exclusion: 2 lightning spires
Vaults:4 Sojobo
Hell Geryon


Innate Abilities, Weirdness & Mutations

You have a pair of large horns on your head.
You have an unnaturally thin skeletal structure. (Dex +6, Stealth+++)
You regenerate a lot of health from kills.
You are very robust. (+20% HP)
Spells you cast and wands you use may paralyse nearby enemies.
You are clumsy. (Dex -2)


Message History

The caustic shrike is killed!
The deep troll shaman is engulfed in noxious fumes.
The deep troll shaman appears confused.
The deep troll shaman bites the shadow dragon but does no damage.
The deep troll shaman claws the shadow dragon. x2
Your life force feels restored.
Training target 20.0 for Fighting reached!
Your Fighting skill increases to level 20!
You slash the ice dragon! You burn the ice dragon.
You headbutt the ice dragon, but do no damage.
The ice dragon is heavily wounded.
The deep troll shaman is engulfed in noxious fumes.
The deep troll shaman barely misses the shadow dragon.
The deep troll shaman claws the shadow dragon but does no damage. x2
Unknown command.
You slice the ice dragon!! You burn the ice dragon.
The ice dragon is severely wounded.
The ice dragon breathes frost at you. The blast of cold hits you!!!
* * * LOW HITPOINT WARNING * * *
The deep troll shaman is distracted by your dazzling golden aura.
The deep troll is engulfed in noxious fumes.
The deep troll appears confused.
The deep troll shaman is engulfed in noxious fumes.
The deep troll shaman is distracted by your dazzling golden aura.
The deep troll shaman shouts! x2; You hear a shout!
You slash the ice dragon! You burn the ice dragon. You headbutt the ice dragon!
You kill the ice dragon!
The deep troll shaman is no longer distracted by gold.
The shadow dragon breathes negative energy at you.
The bolt of negative energy hits you!!!
You feel drained.
* * * LOW HITPOINT WARNING * * *
Something bites the deep troll shaman!!
The deep troll shaman is no longer distracted by gold.
Something completely misses the deep troll shaman.
Something claws the deep troll shaman!
The fire dragon breathes flames at you. The blast of flame hits you!!!
You die...
Your body crumbles into a pile of gold.

#.........# #.........#
#.........# #.........#
.......
#.........#####........
#......................
#####......................
.......#####..#.###........
.......# #..##@##........
#####..# #..###$DVV......
#..#####..###T§.§§...V.
#............T§$§§§....
#............°.DTT.....
#..#####.......T..##### $
#####..# #..#####..#.#
.......# #..# #..##.#
.......# #..# #..# #.


You could see a shadow dragon (catching breath), a fire dragon (catching
breath), an iron troll, a jiangshi, a deep troll (fast, strong), a vampire mage
(invisible), a deep troll earth mage (fast, strong, confused) and 2 deep troll
shamans.

Vanquished Creatures
  3 dread liches
  An ancient lich (Crypt:3)
  2 juggernauts (Depths:3)
  Boris (Crypt:3)
  4 golden dragons (Depths:3)
  5 caustic shrikes
  A curse toe (Crypt:3)
  Jory (Vaults:4)
  A bone dragon (Crypt:3)
  5 Tzitzimimeh
  3 doom hounds
  4 tentacled monstrosities
  Zenata (Crypt:1)
  2 hellephants
  The ghost of Xeazanigh the Impaler, an adept DsGl of Okawaru (Vaults:3)
  5 liches
  A walking crystal tome (Depths:3)
  Asterion (Snake:2)
  The ghost of Jiafu the Gelid, an adept DsIE of Vehumet (Snake:3)
  A deep elf master archer (Elf:3)
  2 titans (Vaults:5)
  3 quicksilver dragons
  3 ancient champions (Crypt:3)
  7 sphinxes
  4 acid blobs
  A storm dragon (Vaults:5)
  6 shadow dragons
  3 thorn hunters
  3 tengu reavers
  A fenstrider witch (shapeshifter) (Vaults:5)
  A revenant (Crypt:2)
  A rockslime (Slime:1)
  2 deep elf sorcerers
  2 azure jellies
  2 nagarajas (Snake:4)
  5 frost giants
  A fenstrider witch (Swamp:2)
  An iron dragon (Depths:3)
  3 fire giants
  Aizul (Snake:1)
  4 curse skulls
  14 vault wardens
  11 ironbound preservers
  2 reapers (Hell)
  A caustic shrike skeleton (Crypt:3)
  4 ironbound thunderhulks
  17 very ugly things
  4 quicksilver oozes
  2 war gargoyles (Vaults:5)
  8 stone giants
  7 ghouls
  The ghost of Kufisonn the Worldbinder, a journeyman DEEE of the Shining One (Snake:3)
  3 vampire knights
  4 eleionomae
  A deep elf annihilator (Elf:3)
  A spark wasp (Depths:3)
  2 spectral hellephants (Crypt:3)
  A putrid mouth (Depths:1)
  5 bunyips
  7 fire dragons
  An eidolon (Crypt:2)
  12 dire elephants
  8 ettins
  2 spectral elves (Crypt:3)
  A green death (Depths:1)
  3 crystal guardians
  4 jiangshi
  5 deep elf death magi
  15 vault guards
  4 ice dragons
  11 yaktaur captains
  6 great orbs of eyes
  3 deep elf high priests
  4 salamander tyrants (Snake:4)
  A rakshasa (Vaults:3)
  4 boulder beetles
  2 peacekeepers
  21 hydras
  A hydra (shapeshifter) (Depths:3)
  Fannar (Orc:1)
  An anaconda (shapeshifter) (D:12)
  A spriggan zombie (Crypt:2)
  3 spriggan air magi
  4 ironbound frosthearts
  15 anacondas
  A death knight (Crypt:1)
  3 ogre magi
  A two-headed ogre (shapeshifter) (D:12)
  2 catoblepae
  8 centaur warriors
  11 alligators
  2 deep troll shamans (Depths:1)
  3 dancing weapons (Elf:2)
  8 death yaks
  8 naga warriors
  7 two-headed ogres
  An Orb Guardian skeleton (Crypt:1)
  2 tengu warriors
  10 naga sharpshooters
  5 deep troll earth magi
  5 vampire magi
  7 shock serpents
  11 hell hogs
  A hell knight (Depths:2)
  8 deep elf knights
  A quicksilver ooze zombie (Crypt:1)
  3 spriggan berserkers
  A thrashing horror (Vaults:3)
  3 soul eaters
  A storm dragon zombie (Crypt:2)
  8 iron trolls (Depths:1)
  2 sun demons
  6 goliath frogs
  An entropy weaver zombie (Crypt:2)
  4 shadow wraiths
  14 skeletal warriors
  4 salamander mystics
  A death drake (Swamp:4)
  6 bog bodies
  A lindwurm (shapeshifter) (D:12)
  A bunyip skeleton (Crypt:3)
  4 flayed ghosts
  A glowing orange brain (Vaults:4)
  43 deep trolls
  A glowing orange brain (shapeshifter) (Vaults:2)
  8 naga ritualists
  2 spriggan druids
  12 swamp dragons
  12 ironbound convokers
  4 deep elf archers
  7 necromancers
  6 phantasmal warriors
  8 wizards
  8 deep elf pyromancers
  4 lindwurms
  17 mana vipers
  An iron dragon zombie (Crypt:1)
  31 ugly things
  14 deep elf zephyrmancers
  A shadow dragon skeleton (Crypt:2)
  7 harpies (Vaults:1)
  10 orc sorcerers
  2 orc knights
  2 salamanders (shapeshifter)
  A broodmother zombie (Crypt:3)
  An iron dragon skeleton (Crypt:2)
  2 manticores
  6 will-o-the-wisps
  2 manticores (shapeshifter)
  2 shining eyes
  Maurice (Orc:1)
  4 guardian serpents
  A naga zombie (Crypt:1)
  6 cyclopes
  A shock serpent zombie (Crypt:3)
  8 naga magi
  38 black mambas
  13 elephants
  14 salamanders
  A torpor snail (Lair:2)
  An eye of devastation (Slime:5)
  A centaur zombie (Crypt:1)
  An apocalypse crab (Vaults:3)
  A black mamba (shapeshifter) (D:15)
  14 vault sentinels
  2 gargoyles
  A smoke demon (Depths:2)
  A cane toad (shapeshifter) (D:15)
  A swamp worm zombie (Crypt:3)
  5 komodo dragons
  7 cane toads
  A kobold demonologist (D:12)
  A catoblepas skeleton (Crypt:1)
  A death yak zombie (Crypt:1)
  17 yaktaurs
  A sea snake zombie (Crypt:3)
  4 rime drakes
  2 tengu conjurers
  A yaktaur (shapeshifter) (D:13)
  An iron troll zombie (Crypt:2)
  5 freezing wraiths
  A minotaur skeleton (Crypt:2)
  2 purple draconian skeletons (Crypt:2)
  8 trolls
  2 merfolk (shapeshifter)
  3 meliai (D:15)
  A red devil (Hell)
  7 polar bears
  8 hornets
  14 blink frogs
  11 tyrant leeches
  Prince Ribbit (Lair:3)
  An alligator zombie (Crypt:3)
  7 dream sheep
  A harpy skeleton (Crypt:1)
  70 slime creatures
  4 air elementals (Elf:1)
  6 flying skulls
  2 water elementals
  The ghost of MisterAzrael the Conjurer, an amateur DECj (D:5)
  6 starcursed masses (Vaults:3)
  6 wraiths
  17 spriggans
  A jumping spider (Vaults:1)
  A wind drake zombie (Crypt:2)
  A large abomination (Vaults:3)
  9 wyverns
  2 fire elementals
  7 basilisks
  5 golden eyes (Slime:1)
  39 yaks
  19 humans (D:13)
  A redback (shapeshifter) (Depths:3)
  16 vampire mosquitoes
  Menkaure (D:6)
  A steam dragon (D:9)
  26 nagas
  2 wargs
  A harpy simulacrum (Crypt:1)
  15 water moccasins
  15 swamp worms
  2 naga skeletons
  4 acid dragons
  A two-headed ogre skeleton (Crypt:1)
  A floating eye (shapeshifter) (Vaults:3)
  2 floating eyes (Depths:2)
  An ice beast (D:5)
  2 sky beasts
  10 swamp drakes
  6 black bears
  29 orc warriors
  A black mamba simulacrum (Crypt:1)
  An ettin simulacrum (Crypt:1)
  26 wolves
  10 centaurs
  6 ogres
  10 boggarts
  A draconian zombie (Crypt:2)
  A kobold brigand (D:8)
  A rime drake skeleton (Crypt:3)
  7 bullfrogs
  5 necrophages
  4 scorpions
  An earth elemental (Elf:2)
  A yak zombie (Crypt:3)
  A queen bee zombie (Crypt:1)
  5 killer bees (D:10)
  A swamp dragon simulacrum (Crypt:2)
  4 howler monkeys (D:8)
  A lava snake (Lair:4)
  7 jellies
  17 orc priests
  3 hounds
  Terence (D:2)
  5 iguanas
  41 orc wizards
  5 hell rats
  Robin (D:3)
  A gnoll (D:4)
  12 adders
  10 river rats
  2 white imps
  2 ufetubi
  An adder zombie (Crypt:3)
  4 worms
  4 dart slugs
  96 orcs
  9 endoplasms
  2 giant cockroaches
  22 goblins
  11 hobgoblins
  A jackal (D:2)
  4 quokkas
  11 ball pythons
  5 bats
  6 frilled lizards
  2 gnoll zombies
  9 kobolds
  13 rats
  13 briar patches (Swamp:4)
1670 creatures vanquished.

Vanquished Creatures (collateral kills)
  Mennas (Vaults:5)
  Frederick (Vaults:5)
  2 tentacled monstrosities (Vaults:5)
  A deep elf blademaster (Elf:3)
  A sphinx (Depths:3)
  A tengu reaver (Vaults:4)
  A fire giant (Vaults:5)
  2 frost giants (Vaults:5)
  3 vault wardens (Vaults:5)
  3 deep elf sorcerers
  An iron dragon (Elf:1)
  2 deep elf elementalists (Elf:3)
  2 ironbound preservers
  An ironbound thunderhulk (Vaults:5)
  2 very ugly things
  A stone giant (Vaults:5)
  6 deep elf demonologists
  2 deep elf annihilators (Elf:3)
  2 dire elephants
  2 deep elf death magi (Elf:3)
  A fire dragon (Elf:1)
  A yaktaur captain (Vaults:3)
  2 deep elf high priests
  10 vault guards (Vaults:5)
  An ice dragon (Elf:1)
  2 ironbound frosthearts
  A death knight (Crypt:2)
  6 dancing weapons
  An orc high priest (Elf:1)
  A deep elf knight (Elf:1)
  A hell knight (Vaults:5)
  8 deep trolls
  4 deep elf archers
  3 wizards
  An orc knight (Vaults:5)
  5 ironbound convokers
  4 deep elf zephyrmancers
  A phantasmal warrior (Vaults:5)
  5 deep elf pyromancers
  7 ugly things
  5 vault sentinels
  A yaktaur (Vaults:2)
  A polar bear (shapeshifter) (Elf:1)
  A tarantella (Vaults:1)
  A dream sheep (shapeshifter) (Vaults:5)
  A jumping spider (Vaults:5)
  An air elemental (Elf:1)
  A fire elemental (Elf:1)
  A warg (Vaults:5)
  4 redbacks (Vaults:5)
  A centaur (D:11)
  An orc (D:11)
121 creatures vanquished.

Vanquished Creatures (others)
  Boris (Vaults:4)
  A deep elf blademaster (Elf:3)
  5 titans (Vaults:5)
  Frances (Elf:1)
  2 tengu reavers (Vaults:5)
  A shadow dragon (Vaults:5)
  A tentacled starspawn (Vaults:3)
  6 deep elf sorcerers
  3 vault wardens (Vaults:5)
  A deep elf elementalist (Elf:3)
  The ghost of wingedge the Fighter, a journeyman MeWn of Qazlal (Snake:3)
  2 ironbound preservers
  3 stone giants
  2 ironbound thunderhulks (Vaults:3)
  3 deep elf demonologists
  3 deep elf annihilators
  An entropy weaver (Vaults:2)
  A dire elephant (Vaults:1)
  An ettin (Vaults:5)
  A deep elf death mage (Elf:3)
  A great orb of eyes (Vaults:2)
  6 yaktaur captains
  13 vault guards (Vaults:5)
  A centaur warrior (Vaults:3)
  An orc high priest (Elf:1)
  A hell knight (Vaults:5)
  A deep elf knight (Elf:1)
  A spriggan druid (Swamp:4)
  2 deep elf archers (Elf:3)
  3 deep trolls
  A wizard (Elf:1)
  3 ironbound convokers
  A phantasmal warrior (Vaults:5)
  A harpy (Vaults:4)
  4 deep elf pyromancers
  10 deep elf zephyrmancers
  An ugly thing (Vaults:3)
  6 vault sentinels
  9 yaktaurs
  3 bloated husks
  A hornet (Swamp:3)
  2 slime creatures (Vaults:3)
  A centaur (D:11)
  An electric eel (Lair:3)
  An orc wizard (Orc:2)
  2 gnolls (D:5)
  2 orcs (Elf:1)
  A bat skeleton (Crypt:3)
  2 ball lightnings (Swamp:1)
  31 foxfires
  66 fungi
  44 plants
263 creatures vanquished.

Grand Total: 2054 creatures vanquished

Notes
Turn   | Place    | Note
-------+----------+-------------------------------------------
     0 | D:1      | Zonian the Demonspawn Ice Elementalist began the quest for
                  | the Orb.
     0 | D:1      | Reached XP level 1. HP: 13/13 MP: 3/3
   256 | D:1      | Gained mutation: You have a pair of small horns on your
                  | head. [demonic ancestry]
   256 | D:1      | Reached XP level 2. HP: 10/19 MP: 1/5
   755 | D:1      | Found a faded altar of an unknown god.
  1261 | D:1      | Gained mutation: You regenerate a little health from kills.
                  | [demonic ancestry]
  1261 | D:1      | Reached XP level 3. HP: 9/24 MP: 1/6
  3324 | D:2      | Gained mutation: You regenerate health from kills. [demonic
                  | ancestry]
  3324 | D:2      | Reached XP level 4. HP: 30/30 MP: 5/8
  3464 | D:2      | Found a blossoming altar of Fedhas.
  3965 | D:2      | Noticed Terence
  3982 | D:2      | Killed Terence
  4230 | D:3      | Reached XP level 5. HP: 35/35 MP: 9/9
  4233 | D:3      | Noticed Robin
  4252 | D:3      | Killed Robin
  4422 | D:3      | Found a glowing drain.
  4468 | Sewer    | Entered a sewer
  5411 | D:3      | Reached XP level 6. HP: 40/40 MP: 11/11
  6128 | D:4      | Found an opulent altar of Gozag.
  6136 | D:4      | Became a worshipper of Gozag Ym Sagoz the Greedy
  6944 | D:4      | Gained mutation: You have a pair of horns on your head.
                  | [demonic ancestry]
  6944 | D:4      | Reached XP level 7. HP: 46/46 MP: 12/12
  7065 | D:5      | Entered Level 5 of the Dungeon
  7139 | D:4      | Learned a level 3 spell: Frozen Ramparts
  7143 | D:4      | Learned a level 3 spell: Ozocubu's Armour
  7210 | D:5      | Reached skill level 5 in Ice Magic
  7434 | D:5      | Found a broken altar of Ashenzari.
  7657 | D:5      | Found a runed translucent door.
  7667 | D:5      | Noticed MisterAzrael's ghost (amateur DECj)
  7841 | D:5      | Found a sacrificial altar of Ru.
  7841 | D:5      | Found a basalt altar of Yredelemnul.
  8085 | D:5      | Reached XP level 8. HP: 52/52 MP: 8/14
  8242 | D:5      | Found a staircase to the Ecumenical Temple.
  8635 | D:6      | Noticed Grinder
  8842 | D:6      | Noticed Menkaure
  8874 | D:6      | Killed Menkaure
 10335 | D:6      | Reached skill level 1 in Fighting
 10879 | D:7      | Reached skill level 2 in Fighting
 10912 | D:7      | Found a radiant altar of Vehumet.
 10965 | D:7      | Reached skill level 3 in Fighting
 10965 | D:7      | Reached XP level 9. HP: 64/64 MP: 9/15
 10986 | D:7      | Found Oliarr's Jewellery Shoppe.
 10991 | D:7      | Found a flagged portal.
 11008 | Bailey   | Entered a bailey
 11310 | Bailey   | Reached skill level 4 in Fighting
 11602 | Bailey   | Noticed an orc knight
 11672 | Bailey   | Reached skill level 5 in Fighting
 11682 | Bailey   | Killed an orc knight
 11683 | Bailey   | Reached skill level 6 in Fighting
 11731 | Bailey   | Identified the +4 crystal plate armour "Duutot" {Int+4
                  | Dex+4 Stlth-}
 11731 | Bailey   | Noticed an orc knight
 12007 | D:7      | Bought the ring "Xusijareu" {Drain rElec rPois Will+ Int+3
                  | SInv} for 712 gold pieces
 12013 | D:7      | Found a hazy altar of Hepliaklqana.
 12279 | D:7      | Reached skill level 7 in Fighting
 13189 | D:8      | Reached skill level 8 in Fighting
 13418 | D:8      | Reached skill level 5 in Short Blades
 14323 | D:8      | Found a shimmering blue altar of Sif Muna.
 14356 | D:8      | Reached XP level 10. HP: 67/80 MP: 7/16
 14609 | D:8      | Found a burning altar of Makhleb.
 14615 | D:8      | Learned a level 4 spell: Hailstorm
 14620 | D:8      | Identified the +3 ring mail "Otaip" {rElec rPois rF+}
 14682 | D:9      | Reached skill level 1 in Conjurations
 14892 | D:9      | Found a staircase to the Lair.
 15208 | D:9      | Found a sparkling altar of Nemelex Xobeh.
 15927 | D:9      | Found a stormy altar of Qazlal.
 16219 | D:10     | Entered Level 10 of the Dungeon
 16221 | D:10     | Found a bloodstained altar of Trog.
 17224 | Lair:1   | Entered Level 1 of the Lair of Beasts
 17560 | Lair:1   | Noticed a black mamba
 17572 | Lair:1   | Killed a black mamba
 18087 | Lair:1   | Noticed a cane toad
 18107 | Lair:1   | Killed a cane toad
 18540 | Lair:1   | Noticed a black mamba
 18545 | Lair:1   | Killed a black mamba
 18882 | Lair:2   | Noticed a six-headed hydra
 18899 | Lair:2   | Killed a six-headed hydra
 18900 | Lair:2   | Gained mutation: You regenerate a lot of health from kills.
                  | [demonic ancestry]
 18900 | Lair:2   | Reached XP level 11. HP: 86/86 MP: 10/17
 19113 | Lair:2   | Reached skill level 10 in Short Blades
 20227 | Lair:3   | Noticed a six-headed hydra
 20279 | Lair:3   | Noticed a five-headed hydra
 20289 | Lair:3   | Killed a five-headed hydra
 20296 | Lair:3   | Found a staircase to the Snake Pit.
 20796 | Lair:3   | Reached skill level 5 in Stealth
 20983 | Lair:3   | Found a staircase to the Swamp.
 21177 | Lair:3   | Killed a six-headed hydra
 21178 | Lair:3   | Reached skill level 5 in Conjurations
 21364 | Lair:3   | Noticed a lindwurm
 21368 | Lair:3   | Noticed Prince Ribbit
 21380 | Lair:3   | Killed a lindwurm
 21381 | Lair:3   | Gained mutation: Spells you cast may paralyse adjacent
                  | enemies. [demonic ancestry]
 21381 | Lair:3   | Reached XP level 12. HP: 60/92 MP: 14/18
 21384 | Lair:3   | Killed Prince Ribbit
 22125 | Lair:4   | Noticed a death yak
 22174 | Lair:4   | Noticed a death yak
 22174 | Lair:4   | Noticed a death yak
 22175 | Lair:4   | Noticed a death yak
 22600 | Lair:4   | Noticed a boulder beetle
 22643 | Lair:4   | Killed a boulder beetle
 22651 | Lair:4   | Noticed a six-headed hydra
 22660 | Lair:4   | Killed a six-headed hydra
 22956 | Lair:4   | Found a staircase to the Slime Pits.
 22956 | Lair:4   | Found a viscous altar of Jiyva.
 23223 | Lair:4   | Noticed a death yak
 23556 | Lair:4   | Reached skill level 5 in Dodging
 24116 | Lair:4   | Killed a death yak
 24117 | Lair:4   | Killed a death yak
 24126 | Lair:4   | Killed a death yak
 24132 | Lair:4   | Killed a death yak
 24140 | Lair:4   | Killed a death yak
 24146 | Lair:4   | Gained mutation: You have a somewhat thin skeletal
                  | structure. (Dex +2, Stealth+) [demonic ancestry]
 24146 | Lair:4   | Reached XP level 13. HP: 98/98 MP: 5/19
 24440 | Lair:4   | Learned a level 3 spell: Mephitic Cloud
 24985 | Lair:5   | Entered Level 5 of the Lair of Beasts
 25440 | Lair:4   | Reached skill level 1 in Air Magic
 25440 | Lair:4   | Reached skill level 1 in Poison Magic
 26242 | Lair:5   | Found a shimmering altar of Xom.
 26709 | Lair:5   | Paralysed by a hornet for 3 turns
 26886 | Lair:5   | Reached skill level 10 in Conjurations
 29249 | D:11     | Gained mutation: You have a moderately thin skeletal
                  | structure. (Dex +4, Stealth++) [demonic ancestry]
 29249 | D:11     | Reached XP level 14. HP: 105/105 MP: 0/20
 30343 | D:12     | Reached skill level 9 in Fighting
 30559 | D:12     | Found a staircase to the Orcish Mines.
 30853 | D:12     | Found a runed translucent door.
 30926 | D:12     | Reached skill level 10 in Fighting
 30966 | D:12     | Found the +8 demon trident "Rift" {distort, reach+}
 30992 | D:12     | Identified the +6 spear "Ulaunell" {holy, rN+}
 30992 | D:12     | Identified the +5 chain mail "Olyhuih" {Dex+2}
 31049 | D:12     | Found a runed translucent door.
 31328 | D:12     | Found a portal to a secret trove of treasure.
 31345 | D:12     | You paid a toll of 4 scrolls of butterflies to enter a
                  | treasure trove
 31346 | Trove    | Entered a treasure trove
 31552 | D:13     | Found Plog's Magic Scroll Shop.
 31557 | D:13     | Bought a scroll of fear for 56 gold pieces
 31557 | D:13     | Bought a scroll of magic mapping for 105 gold pieces
 31557 | D:13     | Bought a scroll of enchant armour for 105 gold pieces
 31557 | D:13     | Bought a scroll of blinking for 105 gold pieces
 31557 | D:13     | Bought a scroll of enchant weapon for 105 gold pieces
 31597 | D:13     | You fall into a shaft and drop 1 floor!
 31651 | D:14     | Reached skill level 1 in Evocations
 31670 | D:13     | Found Nibafem's Jewellery Emporium.
 31755 | D:14     | Reached skill level 1 in Shields
 31771 | D:14     | Found a basalt altar of Yredelemnul.
 32144 | D:14     | Reached skill level 11 in Fighting
 32710 | D:13     | Found Putrois's Jewellery Shoppe.
 32821 | D:13     | Found Ysiunt's Antique Weapon Shop.
 32835 | D:13     | Reached skill level 5 in Evocations
 33082 | D:13     | Found a gate to the Vaults.
 33106 | D:13     | Reached skill level 12 in Fighting
 33209 | D:13     | Bought a smoking falchion for 240 gold pieces
 33209 | D:13     | Identified the +4 falchion "Baschowux" {vorpal, Str+2} (You
                  | bought it in a shop on level 13 of the Dungeon)
 33545 | D:13     | Found Qataig's Antique Armour Boutique.
 33553 | D:13     | Bought a glowing buckler for 277 gold pieces
 33648 | D:13     | Reached XP level 15. HP: 103/120 MP: 21/21
 33739 | D:15     | Entered Level 15 of the Dungeon
 33785 | D:15     | Reached skill level 1 in Long Blades
 34947 | D:15     | Found a staircase to the Depths.
 35178 | Orc:1    | Entered Level 1 of the Orcish Mines
 35178 | Orc:1    | Noticed Fannar
 35180 | Orc:1    | Killed Fannar
 35181 | Orc:1    | Reached skill level 5 in Long Blades
 35461 | Orc:1    | Noticed Maurice
 35920 | Orc:1    | Killed Maurice
 36789 | Orc:2    | Entered Level 2 of the Orcish Mines
 36789 | Orc:2    | Found a staircase to the Elven Halls.
 37576 | Orc:2    | Found a radiant altar of Vehumet.
 37604 | Orc:2    | Found Huerusiw's Magic Scroll Shop.
 37725 | Orc:2    | Bought a scroll of silence for 142 gold pieces
 37725 | Orc:2    | Bought a scroll of blinking for 112 gold pieces
 37725 | Orc:2    | Bought a scroll of butterflies for 60 gold pieces
 37725 | Orc:2    | Bought a scroll of teleportation for 45 gold pieces
 37729 | Orc:2    | Found an ancient bone altar of Kikubaaqudgha.
 37809 | Orc:2    | Found Upiloala's Antique Armour Shop.
 37814 | Orc:2    | Found Songaah's Jewellery Boutique.
 37894 | Orc:2    | Bought a glowing leather armour for 125 gold pieces
 37994 | Orc:2    | Reached skill level 5 in Shields
 38057 | Orc:2    | Found Dohac's Antique Armour Boutique.
 38065 | Orc:2    | Bought a runed hat for 175 gold pieces
 38065 | Orc:2    | Bought a polished ring mail for 225 gold pieces
 38065 | Orc:2    | Identified the +1 ring mail of Autotheism {rPois Will+++
                  | Regen+ Slay-6} (You bought it in a shop on level 2 of the
                  | Orcish Mines)
 38496 | Snake:1  | Entered Level 1 of the Snake Pit
 38688 | Snake:1  | Reached skill level 1 in Armour
 39311 | Snake:1  | Identified the +0 robe of Yduicyitis {Rampage rC++}
 40076 | Snake:1  | Noticed Aizul
 40101 | Snake:1  | Killed Aizul
 42106 | Snake:2  | Reached XP level 16. HP: 122/127 MP: 18/22
 43090 | Snake:2  | Noticed Asterion
 43117 | Snake:2  | Killed Asterion
 43152 | Snake:2  | Reached skill level 10 in Ice Magic
 44398 | Snake:3  | Identified the +6 morningstar of the Six Continents {flame,
                  | rC+ Int+4 SInv}
 44902 | Snake:3  | Found Zaigaura's Jewellery Shop.
 44904 | Snake:3  | Found Cacaakketu's General Store.
 44907 | Snake:3  | Found Xad Boil's Magic Scroll Shop.
 44914 | Snake:3  | Bought a scroll of blinking for 105 gold pieces
 44914 | Snake:3  | Bought a scroll of teleportation for 42 gold pieces
 45129 | Snake:3  | Found a runed translucent gate.
 45130 | Snake:3  | Found a runed translucent gate.
 45130 | Snake:3  | Found a runed translucent gate.
 45131 | Snake:3  | Noticed Kufisonn's ghost (journeyman DEEE)
 45132 | Snake:3  | Noticed wingedge's ghost (journeyman MeWn)
 45133 | Snake:3  | Noticed Jiafu's ghost (adept DsIE)
 45480 | Snake:3  | Reached skill level 10 in Long Blades
 45498 | Snake:3  | Reached skill level 10 in Stealth
 46045 | D:5      | Killed MisterAzrael's ghost
 46390 | Snake:3  | Killed Kufisonn's ghost
 46400 | Snake:3  | Killed wingedge's ghost
 46696 | Snake:3  | Killed Jiafu's ghost
 47196 | Snake:4  | Entered Level 4 of the Snake Pit
 48127 | Snake:4  | Reached XP level 17. HP: 132/133 MP: 19/23
 48170 | Snake:4  | Noticed a quicksilver dragon
 48174 | Snake:4  | Noticed a quicksilver dragon
 49213 | Snake:4  | Killed a quicksilver dragon
 49423 | Snake:4  | Killed a quicksilver dragon
 49778 | Snake:4  | Got a serpentine rune of Zot
 50039 | Swamp:1  | Entered Level 1 of the Swamp
 50210 | Swamp:1  | You fall into a shaft and drop 1 floor!
 51167 | Swamp:2  | Reached skill level 5 in Spellcasting
 53569 | Swamp:3  | Identified the +1 ring mail of Patterns {Fly rElec}
 54843 | Swamp:4  | Entered Level 4 of the Swamp
 55296 | Swamp:4  | Reached skill level 5 in Armour
 55879 | Swamp:4  | Got a decaying rune of Zot
 57092 | Swamp:4  | Gained mutation: You have an unnaturally thin skeletal
                  | structure. (Dex +6, Stealth+++) [demonic ancestry]
 57092 | Swamp:4  | Reached XP level 18. HP: 134/140 MP: 26/30
 57466 | Elf:1    | Entered Level 1 of the Elven Halls
 57849 | Elf:1    | Paralysed by an air elemental for 1 turns
 57908 | Elf:1    | Paralysed by an air elemental for 1 turns
 57931 | Elf:1    | Reached skill level 10 in Evocations
 58009 | Elf:1    | Noticed Frances
 58011 | Elf:1    | Paralysed by an air elemental for 1 turns
 58030 | Elf:1    | Found a runed translucent gate.
 58030 | Elf:1    | Found a runed translucent gate.
 58032 | Elf:1    | Found a runed translucent gate.
 58032 | Elf:1    | Found a runed translucent gate.
 58032 | Elf:1    | Found a runed translucent gate.
 58048 | Elf:1    | Found a runed translucent gate.
 58058 | Elf:1    | Your ally Frances died
 58782 | Elf:2    | Reached skill level 5 in Air Magic
 59409 | Elf:2    | Learned a level 4 spell: Airstrike
 59949 | Elf:3    | Entered Level 3 of the Elven Halls
 61628 | Elf:3    | Learned a level 5 spell: Lightning Bolt
 61751 | Elf:3    | Identified the ring of Texkom {rPois rN+ rCorr Int+6 Dex-2}
 61768 | Elf:3    | Reached skill level 13 in Fighting
 61797 | Elf:3    | Got the Essays on the Excruciating Brume
 61834 | Elf:3    | Identified the +0 scale mail of Lattyg {Rampage rPois MP+9
                  | Str+4}
 61835 | Elf:3    | Identified the ring of Hosef {rElec rPois Will- Dex+2}
 61839 | Elf:3    | Identified the +2 sling "Xaklynwi" {venom, Int+6 Stlth+}
 61852 | Elf:3    | Identified the +1 ring mail "Famaesk" {Fly rC+ Dex+8}
 62117 | Elf:3    | Identified the +9 rapier of the Moon {spect, rElec rC++
                  | Str-4 Int+3 Dex+4}
 62324 | Elf:3    | Upgraded the game from 0.29-a0-998-g1987434951 to
                  | 0.29-a0-1006-g0dd7720b37
 62531 | Vaults:1 | Entered Level 1 of the Vaults
 62767 | Vaults:1 | Reached skill level 14 in Fighting
 62788 | Vaults:1 | Found Xaghag's Armour Emporium.
 62821 | Vaults:1 | Found a magical portal.
 62847 | Vaults:1 | Gained mutation: You have a pair of large horns on your
                  | head. [demonic ancestry]
 62847 | Vaults:1 | Reached XP level 19. HP: 37/152 MP: 31/31
 63320 | WizLab   | Entered Wucad Mu's Monastery
 64240 | Vaults:1 | Reached skill level 15 in Fighting
 65314 | Vaults:1 | Reached skill level 16 in Fighting
 65318 | Vaults:1 | Reached skill level 1 in Earth Magic
 65322 | Vaults:1 | Learned a level 3 spell: Stone Arrow
 66003 | Vaults:2 | Reached skill level 1 in Ranged Weapons
 66265 | Vaults:2 | Reached skill level 5 in Earth Magic
 66623 | Vaults:2 | Found the +18 shield of the Gong {rElec rN+ Will+ EV-5}
 67006 | Vaults:3 | Found a transporter.
 67007 | Vaults:3 | Found a one-way gate to the infinite horrors of the Abyss.
 67007 | Vaults:3 | Noticed Xeazanigh's ghost (adept DsGl)
 67011 | Vaults:3 | Noticed a hellephant
 67029 | Vaults:3 | Found a transporter.
 67698 | Vaults:3 | Reached skill level 5 in Ranged Weapons
 67743 | Vaults:3 | Gained mutation: Spells you cast may paralyse nearby
                  | enemies. [demonic ancestry]
 67743 | Vaults:3 | Reached XP level 20. HP: 142/164 MP: 31/32
 68184 | Vaults:3 | Found a staircase to the Crypt.
 68379 | Vaults:3 | Found Qistaqau's Weapon Shop.
 68379 | Vaults:3 | Noticed Boris
 68544 | Vaults:4 | Identified the +2 ice dragon scales of Minor Irritation
                  | {rF- rC++ rCorr Dex-5 Slay+2}
 68567 | Vaults:4 | Noticed Sojobo
 68594 | Vaults:4 | Your ally Boris died
 69413 | Vaults:4 | Noticed Jory
 69486 | Vaults:4 | Learned a level 5 spell: Freezing Cloud
 70315 | Vaults:4 | Killed Jory
 70778 | Orc:2    | Bought a runed kite shield for 187 gold pieces
 71269 | Vaults:5 | Entered Level 5 of the Vaults
 71590 | Vaults:5 | Noticed Mennas
 71731 | Vaults:5 | Found Ceytz's Antique Armour Boutique.
 71794 | Vaults:5 | Identified the +5 scimitar "Soac" {protect, rPois Int+3
                  | SInv Stlth+}
 71806 | Vaults:5 | Bought a warped leather armour for 168 gold pieces
 71806 | Vaults:5 | Identified the +0 leather armour of Greater Demons {rPois
                  | rF+++ Will- rCorr} (You bought it in a shop on level 5 of
                  | the Vaults)
 72611 | Vaults:4 | Reached skill level 10 in Spellcasting
 72632 | Vaults:4 | Reached skill level 10 in Air Magic
 72638 | Vaults:4 | Learned a level 5 spell: Lee's Rapid Deconstruction
 73110 | Vaults:5 | Gained mutation: You are robust. (+10% HP) [demonic
                  | ancestry]
 73110 | Vaults:5 | Reached XP level 21. HP: 108/174 MP: 35/35
 73190 | Vaults:5 | Identified the +10 sling of Xepnot {vorpal, Str-3 Int+7}
 73190 | Vaults:5 | Identified the +4 leather armour "Larch" {rElec Str+5}
 73190 | Vaults:5 | Identified the ring of Spite {rPois Dex+5}
 73413 | Vaults:5 | Noticed Frederick
 73420 | Vaults:5 | Killed Frederick
 73625 | Vaults:5 | Reached skill level 10 in Earth Magic
 73651 | Vaults:5 | Killed Mennas
 74047 | Vaults:5 | Identified the ring "Xylat" {rC+ Dex+6} (You took it off a
                  | deep elf demonologist on level 5 of the Vaults)
 74122 | Vaults:5 | Identified the +6 trident of Anxiety {vorpal, Int+2 Stlth+}
 74303 | Vaults:5 | Got a silver rune of Zot
 74307 | Vaults:5 | Identified the +8 sling of Plague {venom, rC+ Int+2 Dex-4}
 74313 | Vaults:5 | Identified the +1 pair of gloves "Mecsogul" {*Slow Int+9}
 74317 | Vaults:5 | Identified the +0 leather armour of Inference {+Inv rC-
                  | MP+9 Stlth+}
 74327 | Vaults:5 | Identified the +5 scimitar of Exoneration {vorpal, Will+
                  | rCorr}
 74625 | Vaults:5 | Learned a level 5 spell: Irradiate
 74919 | Depths:1 | Entered Level 1 of the Depths
 74950 | Depths:1 | Reached skill level 1 in Transmutations
 76228 | Depths:1 | Found Yse Riasm's Vocational Training.
 76489 | Depths:1 | Found a bloodstained altar of Trog.
 76512 | Depths:1 | Found a gateway to Hell.
 77123 | Depths:2 | Found a sacrificial altar of Ru.
 77194 | Depths:2 | Found a one-way gate leading to the halls of Pandemonium.
 77410 | Depths:2 | Noticed a dread lich
 77422 | Depths:2 | Paralysed by a floating eye for 4 turns
 77656 | Depths:2 | Killed a dread lich
 78007 | Depths:2 | Found a one-way gate to the infinite horrors of the Abyss.
 78038 | Depths:2 | Found an iron altar of Okawaru.
 78043 | Depths:2 | Identified the +7 falchion "Ahenkib" {freeze, +Blink rCorr
                  | Int+4}
 78628 | Depths:3 | Found Eptelol's Antique Weapon Boutique.
 78923 | Depths:3 | Noticed a caustic shrike
 78945 | Depths:3 | Killed a caustic shrike
 79420 | Depths:3 | Noticed a golden dragon
 79540 | Depths:3 | Gained mutation: You are very robust. (+20% HP) [demonic
                  | ancestry]
 79540 | Depths:3 | Reached XP level 22. HP: 179/216 MP: 37/37
 79586 | Depths:3 | Killed a golden dragon
 79601 | Depths:3 | Noticed a golden dragon
 79620 | Depths:3 | Killed a golden dragon
 79621 | Depths:3 | Reached skill level 17 in Fighting
 80524 | Depths:3 | Identified the +0 scale mail of Zofes {Fly}
 80527 | Depths:3 | Found a one-way gateway to a ziggurat.
 80888 | Depths:3 | Noticed a golden dragon
 80888 | Depths:3 | Noticed a juggernaut
 80888 | Depths:3 | Noticed a juggernaut
 80909 | Depths:3 | Killed a juggernaut
 80913 | Depths:3 | Learned a level 2 spell: Blink
 80944 | Depths:3 | Noticed a golden dragon
 81101 | Depths:3 | Killed a golden dragon
 81220 | Depths:3 | Killed a golden dragon
 81259 | Depths:3 | Killed a juggernaut
 82181 | Crypt:1  | Entered Level 1 of the Crypt
 82291 | Crypt:1  | Noticed Zenata
 82308 | Crypt:1  | HP: 9/214 [+0 vorpal long sword[Zenata] (19)]
 82377 | Crypt:1  | Reached skill level 5 in Transmutations
 82788 | Crypt:1  | Killed Zenata
 85031 | Crypt:2  | Reached skill level 18 in Fighting
 85551 | Crypt:2  | Reached skill level 10 in Ranged Weapons
 87066 | Crypt:3  | Entered Level 3 of the Crypt
 87167 | Crypt:3  | HP: 8/210 [spectral hellephant (7)]
 87301 | Crypt:3  | HP: 3/194 [Tzitzimitl[a doom hound] (11)]
 87632 | Crypt:3  | Identified the +8 longbow "Zazxink" {venom, Str+4}
 88118 | Crypt:3  | Found a staircase to the Tomb.
 88146 | Crypt:3  | Noticed Boris
 88664 | Crypt:3  | Killed Boris
 88665 | Crypt:3  | Gained mutation: Spells you cast and wands you use may
                  | paralyse nearby enemies. [demonic ancestry]
 88665 | Crypt:3  | Reached XP level 23. HP: 196/211 MP: 39/39
 89241 | Crypt:3  | Noticed a curse toe
 89253 | Crypt:3  | Killed a curse toe
 89360 | Crypt:3  | Noticed an ancient lich
 89665 | Crypt:3  | Noticed a dread lich
 89665 | Crypt:3  | Noticed a dread lich
 89793 | Crypt:3  | Got the Opusculum on the Deathly Brume
 90066 | Crypt:3  | Killed an ancient lich
 90081 | Crypt:3  | Killed a dread lich
 90082 | Crypt:3  | Reached skill level 19 in Fighting
 90088 | Crypt:3  | Killed a dread lich
 90382 | Crypt:3  | Identified the +6 dire flail "Etoqop" {flame, rC+ rCorr}
 91305 | Slime:1  | Entered Level 1 of the Pits of Slime
 91374 | Slime:1  | Found a viscous altar of Jiyva.
 91750 | Slime:1  | Gained mutation: You are clumsy. (Dex -2) [a shining eye]
 92298 | Slime:1  | Reached skill level 1 in Translocations
 93678 | Slime:5  | Entered Level 5 of the Pits of Slime
 94361 | Vaults:3 | Killed Xeazanigh's ghost
 95683 | Hell     | Entered the Vestibule of Hell
 96058 | Hell     | Noticed Geryon
 98431 | Depths:4 | Entered Level 4 of the Depths
 98776 | Depths:4 | Noticed a caustic shrike
 98780 | Depths:4 | Noticed a caustic shrike
 98785 | Depths:4 | Noticed a caustic shrike
 98786 | Depths:4 | Noticed a caustic shrike
 98794 | Depths:4 | Killed a caustic shrike
 98797 | Depths:4 | Killed a caustic shrike
 98801 | Depths:4 | Killed a caustic shrike
 98825 | Depths:4 | Killed a caustic shrike
 98826 | Depths:4 | Reached skill level 20 in Fighting
 98828 | Depths:4 | Killed from afar by a fire dragon

Illustrated notes

Levels and vault maps discovered:
D:1:      pf_arrival_petrified_forest, layout_loops_ring,
          shapermc_ecumenical_altar_ellora
D:2:      layout_basic, basic_altar, corexii_item_surrounded_by_moat,
          minmay_quadrilaterals, uniq_terence
D:3:      layout_loops_ring, cheibrodos_sewer_entry_sluice,
          wander_ebering_terrifying_dragon_lair, uniq_robin
D:4:      layout_basic, kennysheep_mini_moat, mainiacjoe_overflow_paths
D:5:      layout_basic, jmf_multi_god_temple, mainiacjoe_overflow_boulevard,
          lemuel_temple_firewalk_a, gammafunk_ghost_grave
D:6:      layout_basic, kennysheep_path_1, kennysheep_small_spiral,
          uniq_menkaure, uniq_grinder
D:7:      layout_gridville, nicolae_hepliaklqana_hazy_memory,
          mainiacjoe_overflow_cross_hatched, enter_bailey_5, serial_shops, shop
D:8:      layout_loops_ring, lightli_temple_of_fire,
          nicolae_sif_muna_little_library, old_standard_altar,
          nicolae_benzene_ring, dk_vineyard_1
D:9:      layout_irregular_city, nemelex_xobeh_ov_fountains_minmay,
          amcnicky_altar_gilded, lair_entry_dummy
D:10:     layout_big_octagon, overflow_temple_1_default
D:11:     layout_cave_pools
D:12:     minmay_the_grid_four_pointed_star_mashed
          [minmay_the_grid_triangle_9x9_tough_junction,
          minmay_the_grid_triangle_9x9_flanged_cone,
          minmay_the_grid_triangle_9x9_corruption,
          minmay_the_grid_triangle_9x9_steps,
          minmay_the_grid_prize_shrinking_boxes], layout_loops_cross,
          orc_0_dummy, nicolae_trove_entry_crystal, grunt_decor_resistance
D:13:     layout_loops_ring, grunt_vaults_entry_tiered, serial_shops, shop,
          nicolae_take_the_stairs, nicolae_shop_waterfront, shop_fountains,
          kennysheep_little_box
D:14:     layout_basic, yredelemnul_altar_generic
D:15:     hangedman_depths_entry_civil_slaughter, layout_cave_pods,
          minivault_24, minivault_23, drop_trap
Lair:1:   layout_loops_ring
Lair:2:   layout_cellular_growth, nicolae_quartered_pool_super,
          beast_lair_carwin_2, grunt_megastairs_2, serial_bayou_shore_b
Lair:3:   layout_small_grid, swamp_mist_pool, guppyfry_snake_entry_garden,
          uniq_prince_ribbit2
Lair:4:   layout_gridlike, minmay_slime_entry_pillars,
          kennysheep_abandoned_house
Lair:5:   minmay_lair_end_enchanted_forest, layout_misc_corridors, basic_altar
Swamp:1:  layout_falls_marsh, evilmike_swamp_ruin_house_4,
          hangedman_swamp_phenomena
Swamp:2:  layout_basic_swamp, serial_swamp_ruin, evilmike_swamp_ruin_rubble_2,
          evilmike_swamp_ruin_house_3, hangedman_swamp_ruin_wall, uniq_donald
Swamp:3:  layout_falls_marsh, evilmike_swamp_ruin_house_1, swamp_pool3,
          nzn_swamp_dancing_lights
Swamp:4:  swamp, layout_basic_swamp, nicolae_swamp_bloodsuckers_inc,
          infiniplex_staircase_pool_2
Snake:1:  cheibrodos_snake_ritualist_ritual, layout_misc_corridors,
          grunt_megastairs_4, uniq_aizul
Snake:2:  layout_layer_cave, nicolae_snake_omega, grunt_megastairs_5,
          uniq_asterion
Snake:3:  layout_basic, gammafunk_ghost_cemetery, nicolae_coiled_stairwell_up,
          minmay_shop_star
Snake:4:  hellmonk_snake_rune_quicksilver_temple, layout_misc_corridors
Slime:1:  layout_caves, basic_altar
Slime:2:  layout_caves, nicolae_slime_welcoming_committee
Slime:3:  nicolae_slime_pool, layout_caves
Slime:4:  layout_caves
Slime:5
Orc:1:    layout_caves, basic_altar, uniq_fannar, uniq_maurice
Orc:2:    kennysheep_orc_mage_school, layout_caves
Elf:1:    eino_elf_arrival_customs, layout_gridlike, orc_legates,
          library_closet, hangedman_elf_disciples, uniq_frances
Elf:2:    nicolae_elf_blades_splatter_lattice
          [nicolae_vaults_blade_armed_guards], layout_rooms,
          serial_sigils_hangedman_leer
Elf:3:    minmay_elf_hall_x, layout_loops_corners
Vaults:1: infiniplex_enter_wizlab_water, ontoclasm_vaults_gateway,
          vaults_room_corners, nicolae_vaults_little_squares_5,
          vaults_room_pools, nicolae_vaults_arrows, vaults_dpeg_spiral,
          nicolae_vaults_what_the_h, hangedman_vaults_capsules,
          nicolae_vaults_network_barrier, nicolae_vaults_circle_grid_a,
          nicolae_vaults_little_ls, v_pattern_1, layout_vaults_maze,
          serial_shops, shop
Vaults:2: vaults_room_fancy_cross, grunt_vaults_funnel,
          hellmonk_guarded_unrand_gong, ontoclasm_vaults_loading_screen,
          nicolae_vaults_theta, nicolae_vaults_little_squares_5,
          vaults_dpeg_doors, vaults_dpeg_cross, nicolae_vaults_alarming,
          hangedman_vaults_maws, layout_vaults_omnigrid
Vaults:3: gammafunk_ghost_abyssal_escape, grunt_vaults_bifocal,
          ontoclasm_vaults_shuriken, vaults_mumra_hexcomb,
          minmay_crypt_entry_nasty_monster, v_misc_4,
          nicolae_vaults_windows_and_doors_thing, nicolae_vaults_rhombus_7,
          nicolae_vaults_ring_of_whatevers, hangedman_vaults_stretched_pinwheel,
          layout_vaults_omnibox, serial_shops,
          nicolae_shop_temple_entry_statues_fountains, uniq_boris
Vaults:4: st_octagons_2, hangedman_vaults_stream, grunt_vaults_twisty,
          nicolae_vaults_ninety_degrees, vaults_room_corners,
          ontoclasm_vaults_decontamination, vaults_room_pool,
          nicolae_vaults_specimen_jars, layout_vaults_chaotic_city,
          serial_glass, uniq_jory, uniq_sojobo
Vaults:5: uniq_mennas, uniq_frederick
Crypt:1:  layout_misc_corridors, grunt_megastairs_3, uniq_zenata
Crypt:2:  layout_rooms, nicolae_crypt_twisting_catacombs, lemuel_elevator
Crypt:3:  david_glass_crypt, layout_basic, nicolae_crypt_soggy_tomb,
          minivault_5, beargit_elvish_explorers
Depths:1: layout_basic, hell_entry, lemuel_coloured_pillars_altar,
          nicolae_shop_vocational
Depths:2: hellmonk_paralyzer, layout_gridville, pan_entry, hangedman_ru_absence,
          abyss_entry, hellmouth_1, okawaru_ov_weapons_minmay
Depths:3: minmay_tile_spiral, layout_cave_shapes, enter_ziggurat_f,
          minmay_crystal_water, serial_shops, nicolae_shop_advertising_works
          [nicolae_subvault_shop_adworks], grunt_hell_horde, abyss_entry,
          serial_bayou_shore_b
Depths:4: grunt_crosshair, layout_small_grid, hell_entry,
          nicolae_kikubaaqudgha_miasma_corner, drop_trap
Hell

Skill      XL: |  1  2  3  4  5  6  7  8  9 10 11 12 13 14 15 16 17 18 19 20 21 22 23 |
---------------+----------------------------------------------------------------------+-----
Stealth        | 2 3 4 6 8 11 12 | 12.0
Dodging        | 2 3 4 7 8 |  8.0
Ice Magic      | 4 6 8 9 10 | 10.0
Spellcasting   | 3 4 8 10 11 12 13 | 13.5
Short Blades   | 4 5 9 12 | 12.0
Fighting       | 3 8 12 14 16 18 20 | 20.0
Conjurations   | 4 5 8 12 | 12.0
Air Magic      | 4 8 10 11 12 | 12.0
Poison Magic   | 4 |  4.0
Evocations     | 8 12 | 12.0
Shields        | 4 6 8 |  8.0
Long Blades    | 7 10 11 | 11.9
Armour         | 3 4 8 |  8.0
Earth Magic    | 7 9 10 12 | 12.0
Ranged Weapons | 5 8 10 11 | 11.7
Transmutations | 3 6 8 |  8.0
Translocations | 4 |  4.0

Action                   |  1- 3 |  4- 6 |  7- 9 | 10-12 | 13-15 | 16-18 | 19-21 | 22-24 || total
-------------------------+-------+-------+-------+-------+-------+-------+-------+-------++-------
Melee: Unarmed           |    24 |       |       |       |       |       |       |       ||    24
       Headbutt          |     9 |    37 |    83 |   206 |   502 |   596 |   441 |   408 ||  2282
       Dagger            |    33 |     4 |       |       |       |       |       |       ||    37
       Short sword       |       |   190 |   343 |   705 |  1705 |  1351 |       |       ||  4294
       Punch             |       |     4 |     4 |    10 |    26 |       |       |       ||    44
       Falchion          |       |       |       |       |   116 |   368 |       |     9 ||   493
       Rapier            |       |       |       |       |       |    73 |  1209 |   943 ||  2225
       Scimitar          |       |       |       |       |       |    24 |       |       ||    24
       Demon blade       |       |       |       |       |       |       |       |   119 ||   119
 Fire: Sling             |       |       |       |       |    26 |     7 |    50 |    61 ||   144
Throw: Boomerang         |       |       |     5 |     1 |     2 |     2 |       |       ||    10
       Dart              |       |       |       |       |       |     1 |     6 |     3 ||    10
       Throwing net      |       |       |       |       |       |     1 |     1 |       ||     2
 Cast: Freeze            |    63 |    74 |    77 |    75 |    23 |    23 |       |       ||   335
       Ozocubu's Armour  |       |       |     4 |    13 |    18 |    49 |    44 |    31 ||   159
       Frozen Ramparts   |       |       |    20 |    47 |    56 |    48 |    23 |    13 ||   207
       Hailstorm         |       |       |       |     2 |    62 |    70 |    43 |    41 ||   218
       Mephitic Cloud    |       |       |       |       |     6 |     1 |     2 |     3 ||    12
       Airstrike         |       |       |       |       |       |    11 |    47 |    58 ||   116
       Lightning Bolt    |       |       |       |       |       |       |     8 |       ||     8
       Stone Arrow       |       |       |       |       |       |       |    18 |    28 ||    46
       Lee's Rapid Decon |       |       |       |       |       |       |     8 |    43 ||    51
       Blink             |       |       |       |       |       |       |       |    15 ||    15
       Irradiate         |       |       |       |       |       |       |       |    14 ||    14
       Freezing Cloud    |       |       |       |       |       |       |       |     4 ||     4
Invok: Potion Petition   |       |       |       |       |     1 |     3 |     4 |    15 ||    23
       Bribe Branch      |       |       |       |       |       |     1 |     2 |       ||     3
Evoke: Wand              |       |       |       |    15 |    15 |    13 |     7 |    17 ||    67
       Tin of tremorston |       |       |       |       |     3 |     1 |     1 |     7 ||    12
       Condenser vane    |       |       |       |       |     2 |       |     2 |     2 ||     6
       Box of beasts     |       |       |       |       |     1 |     2 |     1 |     2 ||     6
       Phial of floods   |       |       |       |       |     1 |     1 |       |       ||     2
       Lightning rod     |       |       |       |       |     6 |     7 |     2 |    12 ||    27
       Phantom mirror    |       |       |       |       |       |       |     2 |     1 ||     3
  Use: Scroll            |       |    13 |    11 |    11 |     9 |    13 |    14 |    25 ||    96
       Potion            |       |       |     7 |       |       |     6 |     8 |    20 ||    41
 Stab: Sleeping          |     5 |     6 |     1 |     4 |    52 |    37 |    52 |    19 ||   176
       Distracted        |       |       |     5 |     5 |    18 |    17 |    64 |    48 ||   157
       Paralysed         |       |       |       |     7 |    54 |    47 |    33 |    22 ||   163
       Confused          |       |       |       |       |    12 |     4 |       |       ||    16
       Invisible         |       |       |       |       |       |       |     2 |    12 ||    14
       Held in net/web   |       |       |       |       |       |       |     2 |       ||     2
Armor: Robe              |    11 |    73 |   150 |    95 |       |       |       |       ||   329
       Leather armour    |       |       |       |   120 |   202 |       |       |       ||   322
       Ring mail         |       |       |       |       |   205 |   547 |       |       ||   752
       Scale mail        |       |       |       |       |       |     9 |   209 |   291 ||   509
       Skin              |       |       |       |       |       |       |       |     4 ||     4
Dodge: Dodged            |    57 |   203 |   309 |   266 |   662 |   600 |   273 |   278 ||  2648
Block: Other             |       |       |       |    65 |   172 |       |       |       ||   237
       Reflection        |       |       |       |       |    21 |    56 |    28 |     4 ||   109
       Buckler           |       |       |       |       |   217 |   826 |   566 |   565 ||  2174

Table legend: (Time is in decaauts)
 A = Elapsed time spent in this place.
 B = Non-inter-level travel time spent in this place.
 C = Inter-level travel time spent in this place.
 D = Time resting spent in this place.
 E = Time spent auto-exploring this place.
 F = Levels seen in this place.
 G = Mean time per level.
                   A        B        C        D        E       F      G
               +--------+--------+--------+--------+--------+-----+--------+
         Total |  96324 |  89574 |   6750 |  36685 |  31587 |  55 | 1751.3 |
       Dungeon |  23794 |  21551 |   2243 |   6304 |  10919 |  15 | 1586.3 |
          Lair |  12197 |  10873 |   1324 |   5088 |   3277 |   5 | 2439.4 |
         Swamp |   7272 |   7049 |    223 |   3022 |   2117 |   4 | 1818.0 |
     Snake Pit |  10725 |  10437 |    288 |   4897 |   3323 |   4 | 2681.2 |
    Slime Pits |   2593 |   2593 |      0 |   1985 |      1 |   5 |  518.6 |
  Orcish Mines |   2689 |   2381 |    308 |    717 |    718 |   2 | 1344.5 |
   Elven Halls |   4620 |   3938 |    682 |   1052 |   1366 |   3 | 1540.0 |
        Vaults |  13046 |  11891 |   1155 |   3597 |   5225 |   5 | 2609.2 |
         Crypt |   7649 |   7412 |    237 |   3992 |   1586 |   3 | 2549.7 |
        Depths |   9878 |   9592 |    286 |   5014 |   3053 |   4 | 2469.5 |
          Hell |     74 |     74 |      0 |      0 |      0 |   1 |   74.0 |
         Trove |     81 |     81 |      0 |      0 |      0 |   1 |   81.0 |
         Sewer |    600 |    600 |      0 |    511 |      0 |   1 |  600.0 |
        Bailey |    881 |    881 |      0 |    419 |      0 |   1 |  881.0 |
        Wizlab |    220 |    220 |      0 |     85 |      0 |   1 |  220.0 |
               +--------+--------+--------+--------+--------+-----+--------+

Top non-repeatable levels by time:
Depths:1: 4827 daAuts
  Lair:4: 3738 daAuts
 Snake:2: 3410 daAuts
Vaults:4: 3376 daAuts
 Snake:3: 3169 daAuts
 Crypt:3: 3001 daAuts
Vaults:1: 2913 daAuts
Vaults:3: 2699 daAuts
Depths:3: 2697 daAuts
  Lair:3: 2590 daAuts
     D:1: 2467 daAuts
  Lair:5: 2418 daAuts
 Crypt:1: 2405 daAuts
 Swamp:2: 2368 daAuts
 Snake:1: 2356 daAuts
